 Dungeon Crawl Stone Soup version 0.23-a0-642-g3120c2f (webtiles) character file.

7662 Gildeon the Thaumaturge (level 10, 0/56 HPs)
             Began as a Deep Elf Conjurer on Dec 28, 2018.
             Was a Follower of Sif Muna.
             Killed by vampiric draining
             ... invoked by Josephine
              (22 damage)
             ... on level 10 of the Dungeon on Dec 30, 2018.
             The game lasted 01:33:11 (11580 turns).

Gildeon the Thaumaturge (Deep Elf Conjurer)        Turns: 11580, Time: 01:33:11

Health: 0/56       AC: 11    Str:  5    XL:     10   Next: 99%
Magic:  28/41      EV: 14    Int: 24    God:    Sif Muna [*.....]
Gold:   632        SH:  0    Dex: 15    Spells: 11/29 levels left

rFire    + . .     SeeInvis .   E - staff of power
rCold    . . .     Gourm    +   (no shield)
rNeg     . . .     Faith    .   s - +3 troll leather armour {Purgy}
rPois    .         Spirit   .   (no helmet)
rElec    .         Reflect  .   (no cloak)
rCorr    .         Harm     .   g - +2 pair of gloves
MR       ++...                  m - +0 pair of boots
Stlth    ++........             w - amulet of the gourmand
HPRegen  0.58/turn              a - ring of protection from fire
MPRegen  0.27/turn              u - ring of protection from magic

@: divine energy
A: no striking features
a: Stop Divine Energy, Renounce Religion


You were on level 10 of the Dungeon.
You worshipped Sif Muna.
Sif Muna was aware of your devotion.
You were completely stuffed.

You visited 2 branches of the dungeon, and saw 11 of its levels.
You also visited: Ossuary.

You collected 936 gold pieces.
You spent 304 gold pieces at shops.

Inventory:

Missiles
 y - 4 throwing nets (quivered)
Armour
 g - a +2 pair of gloves (worn)
 m - a +0 pair of boots (worn)
 s - a +3 troll leather armour (worn) {Purgy}
Magical Staves
 E - an uncursed staff of power (weapon)
Jewellery
 a - a ring of protection from fire (left hand)
 i - an uncursed ring of see invisible
 u - a ring of protection from magic (right hand)
 w - an amulet of the gourmand (around neck)
 D - an uncursed ring of wizardry
Wands
 f - a wand of flame (16)
 q - a wand of random effects (13)
 B - a wand of clouds (5)
 C - a wand of paralysis (7)
Scrolls
 d - 3 scrolls of remove curse
 l - 4 scrolls of amnesia
 o - 3 scrolls of teleportation
 x - 2 scrolls of fear
 A - a scroll of blinking
Potions
 b - 2 potions of heal wounds
 e - 2 potions of magic
 h - 3 potions of agility
 j - 7 potions of flight
 k - 3 potions of ambrosia
 n - 5 potions of curing
 r - 2 potions of mutation {unknown}
 t - 4 potions of might
 v - 3 potions of degeneration {unknown}
 z - a potion of berserk rage {unknown}
Comestibles
 c - 15 rations


   Skills:
 - Level 3.4 Fighting
 - Level 2.0 Throwing
 - Level 3.3 Armour
 + Level 6.1 Dodging
 - Level 4.0 Stealth
 - Level 10.0 Spellcasting
 - Level 10.0 Conjurations
 - Level 8.0 Hexes
 + Level 5.2 Translocations
 + Level 4.0 Invocations
 + Level 4.2 Evocations


You had 11 spell levels left.
You knew the following spells:

 Your Spells              Type           Power        Failure   Level  Hunger
a - Magic Dart            Conj           ####         1%          1    None
b - Searing Ray           Conj           ######       1%          2    None
c - Dazzling Spray        Conj/Hex       ######       1%          3    None
d - Iskenderun's Mystic   Conj           ######..     1%          4    #......
e - Fulminant Prism       Conj/Hex       ######....   1%          4    #......
f - Force Lance           Conj/Tloc      #####...     3%          4    #......

Your spell library contained the following spells:

 Spells                   Type           Power        Failure   Level  Hunger


Dungeon Overview and Level Annotations

Branches:
Dungeon (10/15)            Temple (1/1) D:7            Lair (0/6) D:10
    Orc: D:9-12

Altars:
Ashenzari
Cheibriados
Dithmenos
Elyvilon
Fedhas
Gozag
Hepliaklqana
Kikubaaqudgha
Makhleb
Nemelex Xobeh
Okawaru
Qazlal
Ru
Sif Muna
Trog
Uskayaw
Vehumet
Wu Jian
Xom
Yredelemnul
Zin
The Shining One

Shops:
D:8 [

Annotations:
D:4 1 runed door
D:10 5 runed doors, Josephine


Message History

You finish channeling your searing ray.
Casting: Searing Ray (safe; 1% risk of failure)
Confirm with . or Enter, or press ? or * to list all spells.
Aiming: Searing Ray (safe; 1% risk of failure)
Press: ? - help, Shift-Dir - straight line, f - wraith, p - Josephine
Aim: a wraith (heavily damaged)
The searing ray hits Josephine.
Josephine is severely wounded. (Press . to maintain the ray.) Josephine is infused with unholy energy.
Josephine draws life force from you and is healed!
Unknown command.
The searing ray hits Josephine.
Josephine is heavily wounded.
A wraith comes into view.
Josephine hits you but does no damage. Space warps horribly around you!
The searing ray hits Josephine.
Josephine is severely wounded.
Josephine is infused with unholy energy.
You die...

.......(....#..y#....
#.........# ..y##(..
#......# y.. ##.. ##
#...# .. ##. ..
##[##+## ##+## #.
#.#SS.#####.a.# #.W
#.#Sa..#(#....#
#.W####.#S...#(#a...#
#W@@...#Sa.)+++aaaa#
#####..##...#.#aa.##
#...###.#.#a###.
#.....###.###...
##............##
###.......####
#########


You could see Josephine, 3 wraiths, a worker ant and 2 adders.

Vanquished Creatures
  Harold (D:7)
  A two-headed ogre (D:9)
  An ugly thing (D:8)
  Joseph (D:10)
  A merfolk (D:9)
  Grinder (D:4)
  3 hippogriffs
  A wraith (D:10)
  Menkaure (D:4)
  A water moccasin (D:9)
  Purgy (D:4)
  2 sky beasts
  4 orc warriors
  A black bear (D:7)
  A necrophage (D:8)
  2 phantoms
  2 ice beasts
  3 ogres
  2 centaurs
  6 bullfrogs
  2 water moccasin zombies (Ossuary)
  3 scorpions
  5 wights (D:6)
  4 crimson imps
  4 bullfrog zombies (Ossuary)
  2 centaur zombies (Ossuary)
  5 hounds
  A quasit (D:9)
  9 orc wizards
  A centaur skeleton (D:10)
  3 orc priests
  2 jellies
  A human skeleton (D:4)
  2 iguanas
  9 worker ants
  A killer bee zombie (Ossuary)
  A hound skeleton (D:10)
  15 mummies (Ossuary)
  4 worker ant zombies (Ossuary)
  A howler monkey skeleton (D:5)
  10 adders
  3 shadow imps
  2 oozes
  4 adder zombies
  2 adder skeletons
  A worm (D:2)
  A dart slug (D:4)
  5 leopard geckos
  31 orcs
  3 giant cockroaches
  11 goblins
  11 hobgoblins
  10 jackals
  5 quokkas
  4 ball pythons
  10 bats
  6 frilled lizards
  A jackal zombie (Ossuary)
  7 kobolds
  3 leopard gecko zombies
  4 quokka zombies (Ossuary)
  11 rats
256 creatures vanquished.

Vanquished Creatures (others)
  5 fulminant prisms
  2 withered plants (Ossuary)
7 creatures vanquished.

Grand Total: 263 creatures vanquished

Notes
Turn   | Place    | Note
-------+----------+-------------------------------------------
     0 | D:1      | Gildeon the Deep Elf Conjurer began the quest for the Orb.
     0 | D:1      | Reached XP level 1. HP: 10/10 MP: 6/6
   338 | D:1      | Reached XP level 2. HP: 15/15 MP: 4/8
   352 | D:1      | Learned a level 2 spell: Searing Ray
   859 | D:2      | Reached XP level 3. HP: 19/19 MP: 4/10
   864 | D:2      | Learned a level 3 spell: Dazzling Spray
   876 | D:2      | Reached skill level 5 in Conjurations
  1558 | D:2      | Reached skill level 1 in Hexes
  1719 | D:3      | Reached XP level 4. HP: 24/24 MP: 8/12
  1725 | D:3      | Learned a level 4 spell: Iskenderun's Mystic Blast
  1778 | D:3      | Reached skill level 1 in Fighting
  1973 | D:3      | Reached XP level 5. HP: 13/29 MP: 0/14
  2154 | D:3      | Reached skill level 5 in Spellcasting
  2160 | D:3      | Learned a level 4 spell: Fulminant Prism
  3022 | D:4      | Noticed an ogre
  3037 | D:4      | Killed an ogre
  3037 | D:4      | Reached XP level 6. HP: 23/35 MP: 6/16
  3139 | D:4      | Reached skill level 1 in Armour
  3607 | D:4      | Noticed Grinder
  3616 | D:4      | Killed Grinder
  3616 | D:4      | Reached XP level 7. HP: 25/40 MP: 8/18
  3631 | D:4      | Learned a level 4 spell: Force Lance
  3886 | D:4      | Noticed Menkaure
  3890 | D:4      | Killed Menkaure
  4027 | D:4      | Upgraded the game from 0.23-a0-636-g0ff6057 to
                  | 0.23-a0-639-ga9a3373
  4360 | D:4      | Noticed Purgy
  4369 | D:4      | Killed Purgy
  4369 | D:4      | Reached skill level 5 in Hexes
  4619 | D:4      | Reached XP level 8. HP: 29/44 MP: 6/21
  4788 | D:4      | Found a runed door.
  4893 | D:4      | Found a basalt altar of Yredelemnul.
  4945 | D:5      | Entered Level 5 of the Dungeon
  4957 | D:5      | Reached skill level 1 in Evocations
  4963 | D:5      | Reached skill level 1 in Translocations
  5325 | D:5      | Found an iron altar of Okawaru.
  6029 | D:6      | Reached skill level 1 in Throwing
  6672 | D:6      | Reached XP level 9. HP: 48/48 MP: 11/23
  7508 | D:7      | Found a sand-covered staircase.
  7521 | Ossuary  | Entered an ossuary
  7530 | Ossuary  | Reached skill level 5 in Translocations
  7952 | Ossuary  | Reached skill level 10 in Spellcasting
  8170 | D:7      | Noticed Harold
  8196 | D:7      | Killed Harold
  8196 | D:7      | Reached skill level 5 in Dodging
  8225 | D:7      | Upgraded the game from 0.23-a0-639-ga9a3373 to
                  | 0.23-a0-642-g3120c2f
  8304 | D:7      | Reached XP level 10. HP: 53/53 MP: 11/26
  8414 | D:7      | Found a staircase to the Ecumenical Temple.
  8443 | Temple   | Entered the Ecumenical Temple
  8459 | Temple   | Became a worshipper of Sif Muna the Loreminder
  9109 | D:8      | Noticed a white ugly thing
  9140 | D:8      | Killed a white ugly thing
  9140 | D:8      | Reached skill level 10 in Conjurations
  9140 | D:8      | Reached skill level 1 in Invocations
  9625 | D:8      | Found an ancient bone altar of Kikubaaqudgha.
  9719 | D:8      | Reached * piety under Sif Muna
  9870 | D:8      | Found Keto Dua's Antique Armour Boutique.
 10151 | D:9      | Found a sacrificial altar of Ru.
 10192 | D:9      | Noticed a two-headed ogre
 10209 | D:9      | Killed a two-headed ogre
 11004 | D:10     | Entered Level 10 of the Dungeon
 11137 | D:10     | Found the +9 staff of Olgreb {rPois}
 11211 | D:10     | Noticed Joseph
 11238 | D:10     | Killed Joseph
 11344 | D:8      | Bought a faintly humming buckler for 304 gold pieces
 11349 | D:8      | Identified the cursed -2 buckler of the Ward {Str+3 Int-3
                  | Dex+3} (You bought it in a shop on level 8 of the Dungeon)
 11538 | D:10     | Found a runed gate.
 11539 | D:10     | Found a runed door.
 11549 | D:10     | Found a runed gate.
 11549 | D:10     | Found a runed gate.
 11557 | D:10     | Found a runed door.
 11562 | D:10     | Found a staircase to the Lair.
 11570 | D:10     | Noticed Josephine
 11580 | D:10     | Killed from afar by Josephine

Vault maps used:
D:1:      lightli_arrival_farm, st_stairs_12
D:2:      serial_forest, infiniplex_forest_clump_small,
          infiniplex_forest_lined_4_way, infiniplex_forest_zigzag_1,
          infiniplex_forest_straight_4, infiniplex_forest_diagonal,
          infiniplex_forest_clump_cross, infiniplex_forest_clump_curved,
          infiniplex_forest_end_1
D:4:      chequers_serial_rivers_micro_c, minmay_misc_feat_five,
          dk_yredelemnul_ordeal, uniq_menkaure, uniq_purgy, uniq_grinder
D:5:      first_ration, okawaru_ov_weapons_minmay
D:6:      minmay_polygon_palace, minmay_misc_feat_nine_boxes
D:7:      minmay_temple_entry_crystal_x, nicolae_ossuary_entry_ruins,
          uniq_harold
D:8:      lemuel_crystal_altar, serial_shops, shop_fountains
D:9:      hangedman_fish_farm, nicolae_ru_great_annihilating_truth
D:10:     lair_entry_dummy, minmay_guarded_unrand_staff_of_olgreb,
          uniq_josephine, uniq_joseph
Temple:   nicolae_temple_the_god_donut
Ossuary:  ossuary_zaba_flooded

Skill      XL: |  1  2  3  4  5  6  7  8  9 10 |
---------------+-------------------------------+-----
Spellcasting   | 4 5 6 7 8 10 | 10.0
Conjurations   | 5 6 8 9 10 | 10.0
Hexes          | 1 2 3 5 8 |  8.0
Fighting       | 1 2 3 |  3.4
Dodging        | 3 5 6 |  6.1
Armour         | 1 2 3 |  3.3
Stealth        | 3 4 |  4.0
Evocations     | 2 3 4 |  4.2
Translocations | 4 5 |  5.2
Throwing       | 2 |  2.0
Invocations    | 4 |  4.0

Action                   |  1- 3 |  4- 6 |  7- 9 | 10-12 || total
-------------------------+-------+-------+-------+-------++-------
Melee: Dagger            |    33 |    15 |   210 |       ||   258
Throw: Throwing net      |       |       |       |     3 ||     3
 Cast: Magic Dart        |    84 |   118 |   207 |    79 ||   488
       Searing Ray       |       |     3 |    39 |    34 ||    76
       Dazzling Spray    |       |     1 |     7 |       ||     8
       Iskenderun's Myst |       |       |     7 |     7 ||    14
       Fulminant Prism   |       |       |     2 |     3 ||     5
       Force Lance       |       |       |       |     6 ||     6
Invok: Divine Energy     |       |       |       |     1 ||     1
Evoke: Wand              |       |       |     5 |       ||     5
  Use: Scroll            |     5 |     1 |    10 |     5 ||    21
       Potion            |       |       |     6 |       ||     6
 Stab: Sleeping          |     1 |     1 |       |       ||     2
       Distracted        |       |       |     1 |       ||     1
  Eat: Chunk             |     2 |     6 |    10 |    14 ||    32
       Ration            |       |       |     3 |       ||     3
Armor: Robe              |     5 |    11 |       |       ||    16
       Troll leather arm |       |       |   103 |    26 ||   129
Dodge: Dodged            |     9 |    27 |   165 |    42 ||   243

Table legend:
 A = Non-vault XP
 B = Vault XP
 C = Vault XP percentage of total XP
 D = Non-vault monster count
 E = Vault monster count
 F = Vault count percentage of total count
                 A         B        C        D         E       F
            +---------+---------+-------+---------+---------+-------
      Total |    6487 |    4459 |  40.7 |     186 |      70 |  27.3
            +---------+---------+-------+---------+---------+-------
        D:1 |      28 |       5 |  15.2 |      18 |       3 |  14.3
        D:2 |      59 |       0 |   0.0 |      26 |       0 |   0.0
        D:3 |     238 |       0 |   0.0 |      38 |       0 |   0.0
        D:4 |     491 |     636 |  56.4 |      16 |       4 |  20.0
        D:5 |     310 |       0 |   0.0 |      16 |       0 |   0.0
        D:6 |     542 |     970 |  64.2 |      11 |      17 |  60.7
        D:7 |     704 |    1023 |  59.2 |      18 |       1 |   5.3
        D:8 |    2008 |       0 |   0.0 |      18 |       0 |   0.0
        D:9 |    1603 |     311 |  16.2 |      16 |       5 |  23.8
       D:10 |     504 |     654 |  56.5 |       9 |       2 |  18.2
    Ossuary |       0 |     860 | 100.0 |       0 |      38 | 100.0
            +---------+---------+-------+---------+---------+-------
